 Dungeon Crawl Stone Soup version 0.18.1-50-g88ac8fd (webtiles) character file.

128 Ilten the Grave Robber (level 5, -3/40 HPs)
             Began as a Ghoul Necromancer on Apr 8, 2017.
             Slain by a killer bee (5 damage)
             ... on level 4 of the Dungeon.
             The game lasted 00:13:06 (2027 turns).

Ilten the Grave Robber (Ghoul Necromancer)          Turns: 2027, Time: 00:13:06

Health: -3/40      AC:  6    Str: 12    XL:     5   Next: 12%
Magic:  6/7        EV:  9    Int: 11    God:
Gold:   91         SH:  0    Dex:  9    Spells: 2 memorised, 6 levels left

rFire  . . .     SeeInvis .     q - +1 flail (venom)
rCold  + . .     Gourm    .     m - +0 scale mail
rNeg   + + +     Faith    .     (no shield)
rPois  ∞         Spirit   .     (no helmet)
rElec  .         Dismiss  .     (no cloak)
rCorr  .         Reflect  .     (no gloves)
SustAt .         Harm     .     (no boots)
MR     .....                    (no amulet)
Stlth  ..........               (no ring)
                                (no ring)

@: rotting, not resistant to hostile enchantments, extremely unstealthy
A: rotting body, claws 1, carnivore 3, cold resistance 1, negative energy
resistance 3, slow regeneration 1, torment resistance, unbreathing
a: no special abilities


You were on level 4 of the Dungeon.
You were not hungry.

You visited 1 branch of the dungeon, and saw 4 of its levels.

You collected 91 gold pieces.

Inventory:

Hand Weapons
 g - a +0 dagger
 h - a +0 short sword
 p - a +0 rapier
 q - a +1 flail of venom (weapon)
Armour
 a - a +0 robe
 m - a +0 scale mail (worn)
Scrolls
 d - 2 scrolls of enchant weapon {unknown}
 e - 2 scrolls of immolation {unknown}
 f - 2 scrolls of identify {unknown}
 k - 5 scrolls of recharging {unknown}
Potions
 i - 2 potions of curing {unknown}
 j - a potion of agility {unknown}
 n - a potion of brilliance {unknown}
Books
 b - a book of Necromancy

   Spells                             Type                      Level
   a - Pain                           Necromancy                   1
   b - Animate Skeleton               Necromancy                   1
   c - Vampiric Draining              Necromancy                   3
   d - Regeneration                   Charms/Necromancy            3
   e - Animate Dead                   Necromancy                   4
   f - Control Undead                 Necromancy                   4
Comestibles
 c - a meat ration
 l - a beef jerky
 o - a slice of pizza
 r - 2 chunks of flesh


   Skills:
 + Level 1.3 Fighting
 + Level 1.0 Short Blades
 + Level 1.3 Armour
 + Level 3.0 Dodging
 + Level 2.3 Stealth
 + Level 2.1 Spellcasting
 + Level 4.4 Necromancy


You had 6 spell levels left.
You knew the following spells:

 Your Spells              Type           Power        Failure   Level  Hunger
a - Pain                  Necr           ##..         30%         1    ##.....
b - Animate Skeleton      Necr           N/A          30%         1    ##.....


Dungeon Overview and Level Annotations

Branches:
Dungeon (4/15)
 Temple: D:4-7

Altars:


Innate Abilities, Weirdness & Mutations

Your body is rotting away.
You thrive on raw meat.
You are immune to poison.
You have sharp fingernails.
You are carnivorous and can eat meat at any time.
Your flesh is cold resistant.
You are immune to negative energy.
You regenerate slowly when monsters are visible.
You are immune to unholy pain and torment.
You can survive without breathing.


Message History

* * * LOW HITPOINT WARNING * * *
The killer bee stings you but does no damage.
The killer bee closely misses you.
You barely miss the killer bee.
The killer bee is moderately wounded.
The killer bee stings you.
* * * LOW HITPOINT WARNING * * *
The killer bee stings you but does no damage.
The killer bee stings you.
* * * LOW HITPOINT WARNING * * *
You miss the killer bee.
The killer bee is moderately wounded.
The killer bee barely misses you. The killer bee stings you.
* * * LOW HITPOINT WARNING * * *
The killer bee barely misses you.
Unknown command.
You miss the killer bee.
The killer bee is moderately wounded.
The killer bee stings you.
You die... # .. ## ##. . . #.. .. . #.#.. #.##. #.... ...## #..#.# yyw

#...<. #y#
#...######@#
#..........#
......#.#######
####. #.#.....#
# #.#.#...# #
#.#.###.#.####.
#.#....<.......
#.......#.#####
#######.#.#


You could see a worm and 3 killer bees.

Vanquished Creatures
  A killer bee (D:4)
  A hound zombie (D:3)
  A hound skeleton (D:3)
  2 adders
  An adder zombie (D:3)
  A dart slug (D:1)
  An orc (D:3)
  A giant cockroach (D:2)
  2 goblins (D:3)
  4 hobgoblins (D:3)
  A quokka (D:2)
  7 bats
  2 giant newts (D:3)
  5 kobolds
  A quokka zombie (D:3)
  2 rats (D:1)
33 creatures vanquished.

Vanquished Creatures (collateral kills)
  A rat (D:1)
1 creature vanquished.

Grand Total: 34 creatures vanquished

Notes
Turn   | Place    | Note
--------------------------------------------------------------
     0 | D:1      | Ilten the Ghoul Necromancer began the quest for the Orb.
     0 | D:1      | Reached XP level 1. HP: 14/14 MP: 2/2
     2 | D:1      | Learned a level 1 spell: Animate Skeleton
   186 | D:1      | Reached XP level 2. HP: 16/20 MP: 0/3
  1014 | D:2      | Reached XP level 3. HP: 10/24 MP: 3/5
  1624 | D:3      | Reached skill level 1 in Fighting
  1624 | D:3      | Reached XP level 4. HP: 24/35 MP: 6/6
  2019 | D:4      | Reached skill level 1 in Short Blades
  2019 | D:4      | Reached skill level 1 in Armour
  2019 | D:4      | Reached XP level 5. HP: 29/40 MP: 5/7
  2026 | D:4      | HP: 2/40 [killer bee (2)]
  2027 | D:4      | Slain by a killer bee

Skill      XL: |  1  2  3  4 |
---------------+-------------+-----
Dodging        | 2 3 |  3.0
Spellcasting   | 2 |  2.1
Fighting       | 1 |  1.3
Short Blades   | 1 |  1.0
Armour         | 1 |  1.3
Stealth        | |  2.3
Necromancy     | |  4.4

Action                   |  1- 3 |  4- 6 || total
-------------------------+-------+-------++-------
Melee: Unarmed           |    14 |       ||    14
       Short sword       |   120 |    13 ||   133
       Dagger            |     5 |       ||     5
       Rapier            |       |    23 ||    23
       Flail             |       |    20 ||    20
 Cast: Pain              |    14 |     2 ||    16
       Animate Skeleton  |     4 |     1 ||     5
  Eat: Chunk             |     6 |     3 ||     9
Armor: Robe              |    31 |       ||    31
       Scale mail        |    48 |    35 ||    83
Dodge: Dodged            |   134 |    28 ||   162
